 Dungeon Crawl Stone Soup version 0.28-a0-1567-g1695149f81 (webtiles) character file.

Game seed: 8785949611991021546

725 buddhastalin the Slicer (level 8, -25/75 HPs)
             Began as a Kobold Berserker on Jan 19, 2022.
             Was a Priest of Trog.
             Annihilated by Xenoroth's ghost (30 damage)
             ... on level 4 of the Dungeon.
             The game lasted 00:06:28 (3816 turns).

buddhastalin the Slicer (Kobold Berserker)          Turns: 3816, Time: 00:06:28

Health: -25/75     AC: 11    Str: 17    XL:     8   Next: 2%
Magic:  8/8        EV: 10    Int:  8    God:    Trog [***...]
Gold:   94         SH:  0    Dex: 14    Spells: 7/7 levels left

rFire   . . .      SeeInvis .   a - +0 short sword
rCold   + . .      Faith    .   (no shield)
rNeg    . . .      Spirit   .   j - +0 chain mail
rPois   .          Reflect  .   (no helmet)
rElec   .          Harm     .   r - +0 cloak
rCorr   .          Rampage  .   (no gloves)
Will    .....                   c - +0 pair of boots
Stlth   ..........              i - amulet of regeneration
HPRegen 1.02/turn               m - ring of protection from cold
MPRegen 0.11/turn               (no ring)

@: berserking, very quick
A: small, no large weapons, nightstalker 3
a: Renounce Religion, Berserk, Trog's Hand


You were on level 4 of the Dungeon.
You worshipped Trog.
Trog was most pleased with you.
You visited 1 branch of the dungeon, and saw 4 of its levels.

You collected 94 gold pieces.

Inventory:

Hand Weapons
 a - a +0 short sword (weapon)
Missiles
 f - 6 poisoned darts (quivered)
Armour
 c - a +0 pair of boots (worn)
 j - a +0 chain mail (worn)
 r - a +0 cloak (worn)
Jewellery
 i - an amulet of regeneration (around neck)
 m - a ring of protection from cold (left hand)
Wands
 p - a wand of acid (11)
Scrolls
 b - 6 scrolls of identify {unknown}
 d - 4 scrolls of vulnerability {unknown}
 e - a scroll of enchant weapon {unknown}
 o - a scroll of amnesia {unknown}
Potions
 g - 4 potions of curing {unknown}
 h - a potion of might {unknown}
 k - a potion of degeneration {unknown}
 l - a potion of haste {unknown}
 n - a potion of lignification {unknown}
 q - 2 potions of heal wounds {unknown}


   Skills:
 + Level 5.5 Fighting
 * Level 8.6 Short Blades
 + Level 3.4 Armour
 - Level 3.2 Dodging


You had 7 spell levels left.
You didn't know any spells.
Your spell library was empty.

Dungeon Overview and Level Annotations

Branches:
Dungeon (4/15)
 Temple: D:4-7

Altars:
Dithmenos
Vehumet

Annotations:
D:3 2 runed translucent doors, lonewolfV2's ghost, amateur DsGl
D:4 Xenoroth's ghost, amateur OgBe


Innate Abilities, Weirdness & Mutations

You are small and have problems with some larger weapons.
You are completely attuned to the shadows.


Message History

You barely miss the hornet zombie.
The hornet zombie is heavily damaged.
You puncture the hornet zombie!
The hornet zombie is heavily damaged.
The hornet zombie hits you. Xenoroth's ghost hits you!!
* * * LOW HITPOINT WARNING * * *
You are too injured to fight recklessly!
You are too injured to fight recklessly!
You hit the hornet zombie but do no damage.
The hornet zombie is heavily damaged.
You barely miss the hornet zombie.
The hornet zombie is heavily damaged.
The hornet zombie hits you.
* * * LOW HITPOINT WARNING * * *
Xenoroth's ghost barely misses you.
You hit the hornet zombie.
The hornet zombie is severely damaged.
The hornet zombie hits you.
* * * LOW HITPOINT WARNING * * *
You are too berserk!
Unknown command.
You closely miss the hornet zombie.
The hornet zombie is severely damaged.
Xenoroth's ghost hits you.
* * * LOW HITPOINT WARNING * * *
You puncture the hornet zombie!
The hornet zombie is almost destroyed.
The hornet zombie hits you but does no damage.
You barely miss the hornet zombie.
The hornet zombie is almost destroyed.
The hornet zombie completely misses you.
Xenoroth's ghost barely misses you.
You closely miss the hornet zombie.
The hornet zombie is almost destroyed.
You puncture the hornet zombie!
You destroy the hornet zombie!
Trog accepts your kill.
You have reached level 8!
You closely miss Xenoroth's ghost. Xenoroth's ghost hits you!!
You die...

.....)........#.....########
..........##....##..##.....#
..........##....###.##.....##
..........#.....# #.#.......##
...........########..........##
...........#.#.#.#...........(#
..##.##.##.#..(..#..........###
####.#####.##....'...........#
####.### ###.!..@'...........#
#.#....###.##).W.'..##.......#
...........#.....#.......#####
#....##...##.#(#.#......##
#.....#....#######....###
.###..#.......#.#...<.##
..##...........P.......#
.###........P8.........#
.##.........8....##..###


You could see Xenoroth's ghost.

Vanquished Creatures
  A hornet zombie (D:4)
  A phantom (D:4)
  A scorpion (D:4)
  A water moccasin zombie (D:4)
  2 water moccasin skeletons (D:4)
  A centaur zombie (D:4)
  Crazy Yiuf (D:4)
  2 orc priests
  A bullfrog skeleton (D:4)
  A scorpion zombie (D:4)
  Jessica (D:3)
  A hound zombie (D:4)
  A howler monkey zombie (D:4)
  2 adders (D:4)
  An adder zombie (D:4)
  An adder skeleton (D:4)
  A worm (D:2)
  A dart slug (D:4)
  9 orcs
  8 endoplasms
  4 giant cockroaches
  2 goblins
  4 hobgoblins
  4 jackals (D:2)
  3 quokkas
  11 ball pythons
  7 bats
  4 frilled lizards
  8 kobolds
  7 rats
92 creatures vanquished.

Notes
Turn   | Place    | Note
-------+----------+-------------------------------------------
     0 | D:1      | buddhastalin the Kobold Berserker began the quest for the
                  | Orb.
     0 | D:1      | Reached XP level 1. HP: 14/14 MP: 1/1
   206 | D:1      | Reached XP level 2. HP: 19/19 MP: 2/2
   210 | D:1      | Found a faded altar of an unknown god.
   441 | D:1      | Reached ** piety under Trog
   642 | D:1      | Reached XP level 3. HP: 23/23 MP: 3/3
   939 | D:2      | Identified the +1 robe of Idealism {Rampage rN+ Str-4
                  | Slay+3}
  1038 | D:2      | Reached skill level 5 in Short Blades
  1366 | D:2      | Reached XP level 4. HP: 29/29 MP: 4/4
  2327 | D:3      | Noticed Jessica
  2340 | D:3      | Killed Jessica
  2341 | D:3      | Reached XP level 5. HP: 33/33 MP: 5/5
  2479 | D:3      | Reached skill level 6 in Short Blades
  2738 | D:3      | Found a runed translucent door.
  2741 | D:3      | Noticed lonewolfV2's ghost (amateur DsGl)
  2794 | D:3      | Found a runed translucent door.
  2795 | D:3      | Noticed a bullfrog
  2942 | D:4      | Reached *** piety under Trog
  2943 | D:4      | Reached XP level 6. HP: 39/39 MP: 6/6
  2948 | D:4      | Found a runed translucent gate.
  2949 | D:4      | Found a runed translucent gate.
  2950 | D:4      | Found a runed translucent gate.
  3077 | D:4      | Reached skill level 7 in Short Blades
  3147 | D:4      | Found a radiant altar of Vehumet.
  3196 | D:4      | Found a runed translucent door.
  3199 | D:4      | Noticed Crazy Yiuf
  3205 | D:4      | Killed Crazy Yiuf
  3206 | D:4      | Reached XP level 7. HP: 44/44 MP: 7/7
  3413 | D:4      | Reached skill level 5 in Fighting
  3527 | D:4      | Reached skill level 8 in Short Blades
  3558 | D:4      | Found a shadowy altar of Dithmenos.
  3800 | D:4      | Noticed Xenoroth's ghost (amateur OgBe)
  3811 | D:4      | HP: 2/66 [Xenoroth's ghost (6)]
  3816 | D:4      | Reached XP level 8. HP: 5/50 MP: 8/8
  3816 | D:4      | Annihilated by Xenoroth's ghost

Illustrated notes

Levels and vault maps discovered:
D:1:      dpeg_arrival_arbitrary_a, layout_basic,
          dreamdust_ecumenical_altar_grove
D:2:      layout_basic
D:3:      layout_rooms, ebering_ghost_sewer_f, minmay_between, uniq_jessica
D:4:      layout_cave_pools, mainiacjoe_overflow_catch_the_wave,
          gammafunk_ghost_necromancy, serial_undead, serial_undead_e,
          serial_undead_a, serial_undead_e, serial_undead_f,
          kennysheep_generic_room_3, uniq_crazy_yiuf_cottage

Skill      XL: |  1  2  3  4  5  6  7 |
---------------+----------------------+-----
Dodging        | 3 |  3.2
Short Blades   | 5 6 7 8 |  8.6
Fighting       | 4 5 |  5.5
Armour         | 2 3 |  3.4

Action                   |  1- 3 |  4- 6 |  7- 9 || total
-------------------------+-------+-------+-------++-------
Melee: Short sword       |   122 |   179 |    89 ||   390
       Punch             |     4 |     5 |     1 ||    10
Invok: Berserk           |     1 |     4 |     1 ||     6
 Stab: Sleeping          |     8 |     3 |       ||    11
Armor: Animal skin       |     8 |       |       ||     8
       Leather armour    |    15 |       |       ||    15
       Chain mail        |       |    55 |    32 ||    87
Dodge: Dodged            |    94 |    63 |    26 ||   183

Table legend: (Time is in decaauts)
 A = Elapsed time spent in this place.
 B = Non-inter-level travel time spent in this place.
 C = Inter-level travel time spent in this place.
 D = Time resting spent in this place.
 E = Time spent auto-exploring this place.
 F = Levels seen in this place.
 G = Mean time per level.
                   A        B        C        D        E       F      G
               +--------+--------+--------+--------+--------+-----+--------+
         Total |   3787 |   3738 |     49 |    729 |   2286 |   4 |  946.8 |
       Dungeon |   3787 |   3738 |     49 |    729 |   2286 |   4 |  946.8 |
               +--------+--------+--------+--------+--------+-----+--------+

Top non-repeatable levels by time:
     D:2: 1180 daAuts
     D:1: 919 daAuts
     D:4: 903 daAuts
     D:3: 783 daAuts
